 Dungeon Crawl Stone Soup version 0.22-a0-247-gbddf880 (webtiles) character file.

353 Serpenta the Chiller (level 6, -11/36 HPs)
             Began as an Octopode Ice Elementalist on Feb 26, 2018.
             Was a Believer of Dithmenos.
             Engulfed by a cloud of flame (21 damage)
             ... on level 4 of the Dungeon.
             The game lasted 00:08:33 (3679 turns).

Serpenta the Chiller (Octopode Ice Elementalist)    Turns: 3679, Time: 00:08:34

Health: -11/36     AC:  1    Str:  7    XL:     6   Next: 62%
Magic:  3/9        EV: 13    Int: 18    God:    Dithmenos [**....]
Gold:   206        SH:  0    Dex: 14    Spells: 6/9 levels left

rFire    . . .     SeeInvis .   b - +0 dagger
rCold    . . .     Gourm    .   (no shield)
rNeg     . . .     Faith    .   (helmet restricted)
rPois    .         Spirit   .   (no amulet)
rElec    .         Reflect  .   (no ring)
rCorr    .         Harm     .   (no ring)
MR       .....                  (no ring)
Stlth    ++++......             (no ring)
HPRegen  0.12/turn              (no ring)
MPRegen  0.11/turn              (no ring)
                                (no ring)
                                (no ring)

@: wreathed by umbra
A: almost no armour, stealthy swim, amphibious, 8 rings, constrict 8, camouflage
1, gelatinous body 1
a: Shadow Step, Renounce Religion


You were on level 4 of the Dungeon.
You worshipped Dithmenos.
Dithmenos was pleased with you.
You were not hungry.

You visited 1 branch of the dungeon, and saw 4 of its levels.

You collected 206 gold pieces.


Innate Abilities, Weirdness & Mutations

You cannot wear most types of armour.
You are very stealthy in the water. (Stealth+)
You are amphibious.
You can wear up to eight rings at the same time.
You can use your tentacles to constrict eight enemies at once.
Your skin changes colour to match your surroundings (Stealth+).
Your rubbery body absorbs attacks. (AC +1, EV +1)


   Skills:
 + Level 1.3 Short Blades
 - Level 2.0 Dodging
 - Level 2.6 Stealth
 - Level 2.0 Spellcasting
 - Level 1.0 Conjurations
 - Level 7.0 Ice Magic


You had 6 spell levels left.
You knew the following spells:

 Your Spells              Type           Power        Failure   Level  Hunger
A - Freeze                Ice            ####         1%          1    #......
B - Throw Frost           Conj/Ice       ###...       5%          2    ###....

Action                   |  1- 3 |  4- 6 || total
-------------------------+-------+-------++-------
Melee: Dagger            |    27 |    79 ||   106
       Constrict         |     8 |    21 ||    29
       Tentacles         |     4 |     9 ||    13
Throw: Tomahawk          |       |     1 ||     1
 Cast: Freeze            |    38 |    65 ||   103
       Throw Frost       |     2 |     3 ||     5
  Use: Scroll            |       |     4 ||     4
       Potion            |       |     1 ||     1
 Stab: Sleeping          |     7 |     8 ||    15
  Eat: Chunk             |     2 |     8 ||    10
Armor: Skin              |     6 |     6 ||    12
Dodge: Dodged            |    45 |    68 ||   113

Inventory:

Hand Weapons
 b - a +0 dagger (weapon)
Missiles
 m - 11 tomahawks (quivered)
Potions
 d - 3 potions of curing
 e - 2 potions of brilliance {unknown}
 g - 2 potions of resistance {unknown}
 h - a potion of agility {unknown}
 l - 2 potions of degeneration {unknown}
 n - a potion of flight {unknown}
 o - a potion of mutation {unknown}
Comestibles
 a - 6 rations
 f - 3 chunks of flesh {@w1}

,,,*,,,#.....*,,,,,* *******
,,,*,,,#.....####+## *,,,,,*
,,,*,,,#.....<.....# *,,,,,*
,,,*,,,#...........# *,,,,,*
,,,*,,,#...........# *,,,,,*
,,,*,,,#...........#####,,,,,*
,,,+,,.............<....,,,,,*
,,,*,,..........§§§.....,,,,,*
,*****#######...@§§.....,,,,,*
,* #...§§§%....,,,,,* ,*
#...........,,,,,* ,*
#######...$.,,,,,*
,************* *.....,,,,,*
,,,,,,,,,,,,,* *.....,,,,,*
,,,,,,,,,,,,,* *,....,,,,,*
,,,,,,,,,,,,,* *,,.%.,,,,,*
,,,,,,,,,,,,,* *,,,,,,,,,,*


There were no monsters in sight!

Vanquished Creatures
  Blork the orc (D:4)
  A crimson imp (D:2)
  2 orc wizards (D:3)
  4 gnolls (D:2)
  6 adders
  5 worms
  2 dart slugs
  4 leopard geckos
  5 orcs (D:3)
  2 giant cockroaches (D:3)
  6 hobgoblins
  4 jackals (D:1)
  9 kobolds
  2 quokkas
  A ball python (D:2)
  12 bats
  5 frilled lizards
  7 goblins
  10 rats
88 creatures vanquished.

Vault maps used:
D:1:      lightli_arrival_chessboard
D:2:      grunt_dithmenos_smoke_and_mirrors, lemuel_coloured_pillars_altar
D:3:      kennysheep_generic_room_10
D:4:      kennysheep_mini_moat, minmay_temple_entry_enclosed_plants,
          cheibrodos_sewer_entry_drain, uniq_blork_the_orc


Message History

Aiming: Freeze (safe; 1% risk of failure)
Press: ? - help, Shift-Dir - straight line, f - adder
Aim: an adder (umbra, inner flame)
You freeze the adder.
The adder is severely wounded.
The adder closely misses you. The adder bites you.
Casting: Freeze (safe; 1% risk of failure)
Confirm with . or Enter, or press ? or * to list all spells.
Aiming: Freeze (safe; 1% risk of failure)
Press: ? - help, Shift-Dir - straight line, f/p - adder
Aim: an adder (severely wounded, umbra, inner flame)
You freeze the adder.
The adder explodes!
The fiery explosion engulfs you!
Ouch! That really hurt!
* * * LOW HITPOINT WARNING * * *
Dithmenos accepts your kill.
You are engulfed in blazing flames.
Ouch! That really hurt!
You die...

Notes
Turn   | Place    | Note
-------+----------+-------------------------------------------
     0 | D:1      | Serpenta the Octopode Ice Elementalist began the quest for the Orb.
     0 | D:1      | Reached XP level 1. HP: 11/11 MP: 3/3
   338 | D:1      | Reached XP level 2. HP: 17/17 MP: 5/5
   342 | D:1      | Learned a level 2 spell: Throw Frost
   599 | D:1      | Reached skill level 4 in Ice Magic
   784 | D:1      | Reached XP level 3. HP: 16/21 MP: 3/6
   847 | D:2      | Found a shadowy altar of Dithmenos.
   865 | D:2      | Became a worshipper of Dithmenos the Shadowed
  1406 | D:2      | Reached skill level 5 in Ice Magic
  1406 | D:2      | Reached XP level 4. HP: 21/27 MP: 1/7
  1618 | D:2      | Reached * piety under Dithmenos
  1660 | D:2      | Found a shattered altar of Ashenzari.
  1742 | D:2      | Reached XP level 5. HP: 18/31 MP: 0/8
  2283 | D:3      | Reached skill level 6 in Ice Magic
  3069 | D:3      | Reached XP level 6. HP: 36/36 MP: 6/9
  3102 | D:3      | Reached ** piety under Dithmenos
  3659 | D:4      | Noticed Blork the orc
  3670 | D:4      | Killed Blork the orc
  3670 | D:4      | Reached skill level 1 in Short Blades
  3670 | D:4      | Reached skill level 7 in Ice Magic
  3679 | D:4      | Engulfed by a cloud of flame
